 Dungeon Crawl Stone Soup version 0.24-a0-275-g6f7e2cb4ba (webtiles) character file.

Game seed: 6168568913755779466

108600 Flugkiller the Brawler (level 16, -5/149 HPs)
             Began as a Green Draconian Chaos Knight on Apr 28, 2019.
             Was a Plaything of Xom.
             Slain by a wolf spider (18 damage)
             ... on level 4 of the Lair of Beasts.
             The game lasted 01:09:44 (40181 turns).

Flugkiller the Brawler (DrCK)                      Turns: 40181, Time: 01:09:45

Health: -5/149     AC: 17    Str: 22    XL:     16   Next: 3%
Magic:  21/21      EV: 17    Int: 17    God:    Xom [......]
Gold:   2043       SH: 15    Dex: 11    Spells: 14/20 levels left

rFire    + . .     SeeInvis .     - Unarmed
rCold    + . .     Gourm    .   R - +2 shield of Resistance {rF+ rC+ MR+}
rNeg     . . .     Faith    .   (armour unavailable)
rPois    +         Spirit   .   x - +0 hat
rElec    .         Reflect  .   U - +0 cloak {+Inv}
rCorr    .         Harm     .   p - +0 pair of gloves
MR       ++...                  (boots unavailable)
Stlth    +.........             (no amulet)
HPRegen  0.34/turn              d - +6 ring of protection
MPRegen  0.17/turn              w - +3 ring of strength

@: short of breath, lightly drained
A: breathe noxious fumes, unfitting armour, hooves 3, stinger 1, sense
surroundings 1, poison resistance, strong 1, cold-blooded, AC +9
a: Breathe Noxious Fumes, Renounce Religion, Evoke Invisibility


You were on level 4 of the Lair of Beasts.
You worshipped Xom.
You were a very special plaything of Xom.
You were hungry.

You visited 4 branches of the dungeon, and saw 24 of its levels.
You visited 1 bazaar.
You also visited: Ice Cave.

You collected 3013 gold pieces.
You spent 970 gold pieces at shops.

Inventory:

Hand Weapons
 L - the +7 trident "Killer Klown's Death" {speed, MR+ Int+5}
   (You found it on level 3 of the Lair of Beasts)

   Attacks with this weapon are significantly faster.
   It affects your intelligence (+5).
   It affects your resistance to hostile enchantments.
Armour
 b - a +0 pair of boots
   (You found it on level 4 of the Dungeon)
 p - a +0 pair of gloves (worn)
   (You found it on level 5 of the Dungeon)
 x - a +0 hat (worn)
   (You found it on level 9 of the Dungeon)
 R - the +2 shield of Resistance (worn) {rF+ rC+ MR+}
   (You found it on level 14 of the Dungeon)

   It protects you from fire.
   It protects you from cold.
   It affects your resistance to hostile enchantments.
 U - a +0 cloak of invisibility (worn)
   (You found it on level 2 of the Orcish Mines)
Magical Staves
 M - an uncursed staff of wizardry
   (You found it on level 4 of the Lair of Beasts)
Jewellery
 a - an uncursed ring of flight
   (You found it on level 1 of the Dungeon)
 d - a +6 ring of protection (left hand)
   (You found it on level 1 of the Dungeon)
 q - an uncursed ring of magical power
   (You found it on level 7 of the Dungeon)
 u - an uncursed ring of protection from fire
   (You found it on level 7 of the Dungeon)
 w - a +3 ring of strength (right hand)
   (You found it on level 9 of the Dungeon)
 J - an uncursed ring of protection from cold
   (You found it on level 6 of the Lair of Beasts)
 K - an uncursed ring of positive energy
   (You found it in an ice cave)
 N - an uncursed ring of see invisible
   (You found it on level 14 of the Dungeon)
Wands
 g - a wand of iceblast (10)
   (You found it on level 2 of the Lair of Beasts)
 y - a wand of scattershot (8)
   (You found it on level 10 of the Dungeon)
 B - a wand of paralysis (21)
   (You found it in an ice cave)
 C - a wand of disintegration (26)
   (You found it on level 3 of the Lair of Beasts)
 F - a wand of enslavement (12)
   (You found it on level 1 of the Spider Nest)
 I - a wand of acid (19)
   (You found it in an ice cave)
 T - a wand of flame (12)
   (You found it on level 12 of the Dungeon)
 V - a wand of digging (4)
   (You found it on level 13 of the Dungeon)
Scrolls
 e - 11 scrolls of remove curse
 f - 4 scrolls of immolation
 h - 2 scrolls of magic mapping
 k - 3 scrolls of enchant armour
 n - 6 scrolls of teleportation
 s - 3 scrolls of fog
 t - 4 scrolls of amnesia
 D - a scroll of vulnerability
 E - 5 scrolls of summoning
 G - a scroll of blinking
Potions
 i - 7 potions of lignification
 m - a potion of ambrosia
 o - 3 potions of flight
 r - 4 potions of brilliance
 v - 6 potions of curing
 z - 2 potions of haste
 H - 4 potions of might
 O - 2 potions of magic
 P - a potion of mutation
 Q - a potion of resistance
Miscellaneous
 A - a phial of floods
   (You found it on level 1 of the Orcish Mines)
Comestibles
 c - 24 rations


   Skills:
 - Level 15.0(14.7) Fighting
 - Level 11.6(11.4) Dodging
 + Level 13.8(13.6) Shields
 - Level 15.0(14.8) Unarmed Combat
 + Level 2.8(2.6) Spellcasting
 + Level 3.1(3.0) Transmutations
 + Level 3.1(3.0) Earth Magic
 - Level 7.0(6.8) Evocations


You had 14 spell levels left.
You knew the following spells:

 Your Spells              Type           Power        Failure   Level  Hunger
a - Statue Form           Tmut/Erth      ##.......    100%        6    #######

Your spell library contained the following spells:

 Spells                   Type           Power        Failure   Level  Hunger
 Passwall                 Tmut/Erth      ##......     10%         2    ##.....
 Animate Skeleton         Necr           N/A          22%         1    #......
 Magic Dart               Conj           #...         22%         1    #......
 Pain                     Necr           #...         22%         1    #......
 Shock                    Conj/Air       #...         22%         1    #......
 Blink                    Tloc           N/A          32%         2    ##.....
 Call Imp                 Summ           #.......     32%         2    ##.....
 Corpse Rot               Necr           N/A          32%         2    ##.....
 Poisonous Vapours        Pois/Air       #.....       32%         2    ##.....
 Slow                     Hex            #.......     32%         2    ##.....
 Swiftness                Chrm/Air       #.......     32%         2    ##.....
 Stone Arrow              Conj/Erth      #.....       34%         3    ###....
 Conjure Flame            Conj/Fire      #.......     54%         3    ###....
 Mephitic Cloud           Conj/Pois/Air  #.......     54%         3    ###....
 Regeneration             Chrm/Necr      #.........   54%         3    ###....
 Static Discharge         Conj/Air       #.......     54%         3    ###....
 Vampiric Draining        Necr           #.........   54%         3    ###....
 Leda's Liquefaction      Hex/Erth       #.........   75%         4    #####..
 Lee's Rapid Deconstruct  Erth           ##........   86%         5    ######.
 Airstrike                Air            #.........   91%         4    #####..
 Animate Dead             Necr           N/A          91%         4    #####..
 Passage of Golubria      Tloc           N/A          91%         4    #####..
 Irradiate                Conj/Tmut      #.........   97%         5    ######.
 Lightning Bolt           Conj/Air       #.........   99%         5    ######.
 Summon Forest            Summ/Tloc      #.........   99%         5    ######.
 Darkness                 Hex            #.........   100%        6    #######
 Freezing Cloud           Conj/Ice/Air   #.........   100%        6    #######
 Hydra Form               Tmut           ##........   100%        6    #######
 Invisibility             Hex            #.......     100%        6    #######
 Dragon Form              Tmut           ##........   100%        7    #######
 Ring of Flames           Chrm/Fire      #.........   100%        7    #######
 Summon Hydra             Summ           #.........   100%        7    #######


Dungeon Overview and Level Annotations

Branches:
Dungeon (15/15)            Temple (0/1) D:6            Lair (6/6) D:11
  Swamp (0/4) Lair:4       Spider (1/4) Lair:4        Slime (0/5) Lair:6
    Orc (2/2) D:10            Elf (0/3) Orc:2        Vaults (0/5) D:13
 Depths (0/5) D:15

Altars:
Cheibriados
Gozag
Hepliaklqana
Kikubaaqudgha
Nemelex Xobeh
Okawaru
Ru
Vehumet
Wu Jian
Xom
Beogh
Jiyva

Shops:
D:4 [   Orc:2 :[%}

Annotations:
D:14 1 runed translucent door
Lair:1 exclusion: 2 oklob plants
Lair:6 1 runed translucent door
Orc:1 3 runed translucent doors, 2 transporters


Innate Abilities, Weirdness & Mutations

You can breathe blasts of noxious fumes.
Your lurid green scales are hard. (AC +9)
You cannot fit into any form of body armour.
Your tail ends in a poisonous barb.
Your system is resistant to poisons. (rPois)
You are cold-blooded and may be slowed by cold attacks.
You have hooves in place of feet.
You passively map a small area around you.
Your muscles are strong. (Str +2)


Message History

You assume a fearsome visage.
The wolf spider looks frightened! x2
* * * LOW HITPOINT WARNING * * *
You feel very sick.
You feel better.
Cornered, the wolf spider turns to fight!
Unknown command.
Evoke which item? (* to show all) (? for menu, Esc to quit)
Aiming: Paralyse
Press: ? - help, Shift-Dir - straight line, f - wolf spider
Aim: a wolf spider (lightly wounded, chance to defeat MR: 66%)
The wolf spider struggles to resist.
You block the wolf spider's attack. x2
Unknown command.
Evoke which item? (* to show all) (? for menu, Esc to quit)
Aiming: Paralyse
Press: ? - help, Shift-Dir - straight line, f/p - wolf spider
Aim: a wolf spider (lightly wounded, chance to defeat MR: 66%)
The wolf spider suddenly stops moving!
Unknown command.
Unknown command.
The helpless wolf spider fails to defend itself.
You pummel the wolf spider!! You tail-slap the wolf spider.
The wolf spider is poisoned.
The wolf spider is severely wounded.
The helpless wolf spider fails to defend itself.
You punch the wolf spider! You tail-slap the wolf spider.
You kill the wolf spider!
Unknown command.
You start resting.
The wolf spider is too close now for your liking.
Evoke which item? (* to show all) (? for menu, Esc to quit)
Aiming: Paralyse
Press: ? - help, Shift-Dir - straight line, f - wolf spider
Aim: a wolf spider (clinging, chance to defeat MR: 67%)
The wolf spider struggles to resist.
Unknown command.
Evoke which item? (* to show all) (? for menu, Esc to quit)
Aiming: Paralyse
Press: ? - help, Shift-Dir - straight line, f/p - wolf spider
Aim: a wolf spider (clinging, chance to defeat MR: 67%)
The wolf spider struggles to resist.
The wolf spider closely misses you. You block the wolf spider's attack.
Unknown command.
Evoke which item? (* to show all) (? for menu, Esc to quit)
Aiming: Paralyse
Press: ? - help, Shift-Dir - straight line, f/p - wolf spider
Aim: a wolf spider (clinging, chance to defeat MR: 67%)
The wolf spider struggles to resist.
The wolf spider hits you!
* * * LOW HITPOINT WARNING * * *
The wolf spider misses you. The wolf spider hits you!!
You die...

### ##### ##### #.######.#.####
#.#.# #.............# ### # ##.##
###...##@..##..## ##.####
##...####P...####s##....###....#.
......#.......#.#.#.##....)...#..
........<.....#_....#..........#.
.P##.#........._.>.....P_..P.....
#####.#.......#....##......##.<..
##........#...#.#...P##.#.... ###
##..P...####.##............. P.#
#...P....#....##....#.####..


You could see a wolf spider.

Vanquished Creatures
  The ghost of Esial the Severer, a journeyman CeBe of Trog (Orc:1)
  2 stone giants (Orc:2)
  Nessos (D:14)
  A dire elephant (D:15)
  The ghost of P0WERM0DE the Fiendish, a journeyman DDFi of Makhleb (Orc:2)
  The ghost of Borim the Fighter, a journeyman GrBe of Trog (D:10)
  2 ettins
  Josephine (Spider:1)
  The ghost of Ymoj Xits the Nimble, a journeyman FeCK of Xom (D:10)
  The ghost of Uquev the Scholar of Death, a journeyman DsNe of Kikubaaqudgha (D:10)
  An ice dragon (Lair:6)
  7 hydras
  3 centaur warriors
  3 death knights
  2 ogre magi (D:15)
  8 two-headed ogres
  3 death yaks (Lair:4)
  2 orc high priests (Orc:2)
  A deep elf knight (D:13)
  Nergalle (Lair:3)
  A fire crab (shapeshifter) (D:13)
  A skeletal warrior (D:11)
  A wizard (D:14)
  A death drake (shapeshifter) (Lair:3)
  5 unseen horrors
  A phantasmal warrior (D:12)
  A mana viper (shapeshifter) (D:14)
  6 orc knights
  2 lindwurms (Lair:6)
  A deep elf mage (D:13)
  16 ugly things
  2 manticores (D:15)
  4 wolf spiders
  6 orc sorcerers
  7 cyclopes
  3 elephants (Lair:3)
  7 slime creatures
  3 black mambas
  An ice statue (D:13)
  6 torpor snails
  An apocalypse crab (D:14)
  2 gargoyles
  12 spiny frogs
  3 komodo dragons
  An efreet (D:15)
  6 centaur skeletons
  2 demonic crawlers (Lair:4)
  A kobold demonologist (D:14)
  3 freezing wraiths
  4 yaktaurs (D:13)
  2 rime drakes (Lair:4)
  A tengu conjurer (D:15)
  3 tyrant leeches (Lair:6)
  7 polar bears
  3 meliai (D:15)
  4 hornets
  2 jumping spiders
  2 blink frogs (Lair:3)
  6 dream sheep (Lair:5)
  11 trolls
  6 hippogriffs
  A snapping turtle (shapeshifter) (D:15)
  9 redbacks
  A spriggan (D:7)
  3 wyverns
  4 tarantellas
  8 wraiths
  A spriggan (shapeshifter) (D:15)
  5 fire elementals (D:14)
  A hog (Lair:6)
  A basilisk (Lair:3)
  34 yaks
  8 vampire mosquitoes
  4 hungry ghosts
  3 wargs (Orc:2)
  A hell hound (D:14)
  A soldier ant (D:14)
  7 water moccasins
  7 porcupines
  7 ice beasts
  2 sky beasts
  27 orc warriors
  A black bear (D:7)
  10 ogres
  24 wolves
  4 phantoms
  2 eyes of draining (D:14)
  14 centaurs
  10 crocodiles
  A big kobold (D:11)
  11 bullfrogs
  2 wyvern zombies
  A bullfrog (shapeshifter) (D:13)
  A wyvern skeleton (D:14)
  6 scorpions
  10 killer bees
  14 wights
  7 howler monkeys
  4 electric eels
  4 centaur zombies
  5 crimson imps
  A bullfrog zombie (D:13)
  A quasit (D:5)
  31 orc priests
  31 orc wizards
  A water moccasin simulacrum (D:11)
  9 hounds
  3 jellies
  2 bullfrog skeletons
  3 iguanas
  14 worker ants
  2 hound zombies
  2 worker ant zombies
  A hound skeleton (D:10)
  2 gnolls (D:9)
  A howler monkey skeleton (D:6)
  23 adders
  2 shadow imps
  14 white imps
  An ufetubus (D:11)
  An ooze (D:13)
  3 adder skeletons
  3 worms
  8 leopard geckos
  88 orcs
  16 giant cockroaches
  4 hobgoblins
  5 quokkas
  2 ball pythons
  9 bats
  12 frilled lizards
  6 goblins
  10 kobolds
  A quokka skeleton (D:5)
  2 rats
  A fire vortex (Orc:1)
  A fungus (D:11)
782 creatures vanquished.

Vanquished Creatures (collateral kills)
  A fire dragon (D:14)
  An ice dragon (D:14)
  A two-headed ogre (D:15)
  A death yak (Lair:4)
  Sonja (D:13)
  An orc knight (D:15)
  A centaur zombie (D:15)
  An elephant (Lair:3)
  A freezing wraith (D:13)
  3 yaks
  An acid dragon (D:13)
  An orc warrior (D:13)
  A wolf (Lair:3)
  2 ogres
  A centaur (D:13)
  3 killer bees (D:13)
  3 orcs
24 creatures vanquished.

Vanquished Creatures (others)
  A minotaur (D:11)
  An ice dragon (D:14)
  A dancing weapon (D:15)
  An elephant (Lair:3)
  A blink frog (Lair:3)
  An orc wizard (D:4)
  A bush (Lair:3)
  A fire vortex (D:3)
  19 fungi
  23 plants
  5 toadstools (D:13)
  2 withered plants (Orc:1)
57 creatures vanquished.

Grand Total: 863 creatures vanquished

Notes
Turn   | Place    | Note
-------+----------+-------------------------------------------
     0 | D:1      | Flugkiller the Draconian Chaos Knight began the quest for
                  | the Orb.
     0 | D:1      | Reached XP level 1. HP: 19/19 MP: 1/1
   325 | D:1      | XOM: harmless Air miscast
   816 | D:2      | Reached XP level 2. HP: 17/26 MP: 2/2
   908 | D:2      | XOM: mild Chrm miscast
   917 | D:2      | XOM: mild Chrm miscast
  1005 | D:1      | XOM: harmless Tloc miscast
  1214 | D:2      | Reached XP level 3. HP: 33/33 MP: 3/3
  1434 | D:1      | XOM: harmless Tmut miscast
  1860 | D:2      | XOM: mild Tmut miscast
  1891 | D:2      | HP: 2/49 [poisoned by an adder]
  2248 | D:3      | XOM: harmless Tloc miscast
  2400 | D:3      | XOM: 2-stop teleportation journey
  2594 | D:3      | Reached XP level 4. HP: 24/40 MP: 4/4
  2847 | D:3      | XOM: 4-stop teleportation journey
  3098 | D:3      | XOM: silly message
  3188 | D:3      | XOM: harmless Chrm miscast
  3253 | D:3      | XOM: noise
  3349 | D:3      | XOM: mild Fire miscast
  3560 | D:4      | Reached skill level 5 in Unarmed Combat
  3569 | D:4      | Reached XP level 5. HP: 35/47 MP: 5/5
  3678 | D:4      | XOM: divination: magic mapping
  3690 | D:4      | XOM: potion effect (curing)
  3905 | D:4      | Noticed a phantom
  3929 | D:4      | XOM: mild Ice miscast
  3946 | D:4      | XOM: potion effect (curing)
  3976 | D:4      | Killed a phantom
  3976 | D:4      | Reached skill level 5 in Fighting
  3999 | D:4      | XOM: smoke on damage
  4064 | D:4      | Noticed an ogre
  4099 | D:4      | XOM: cast spell 'Olgreb's Toxic Radiance'
  4108 | D:4      | Killed an ogre
  4108 | D:4      | Reached skill level 1 in Shields
  4108 | D:4      | Reached XP level 6. HP: 36/56 MP: 6/6
  4221 | D:4      | Found Gughoboc's Armour Shoppe.
  4260 | D:4      | XOM: scenery: 1 doors open
  4292 | D:4      | XOM: noise
  4298 | D:4      | XOM: confuse monster(s)
  4304 | D:4      | XOM: enchant monster (good)
  4380 | D:4      | XOM: noise
  4405 | D:4      | XOM: medium Chrm miscast
  4485 | D:4      | Found a hazy altar of Hepliaklqana.
  4486 | D:4      | Found a shimmering altar of Xom.
  4486 | D:4      | Noticed a wyvern
  4487 | D:4      | Noticed a wyvern
  4487 | D:4      | Noticed a spectral ugly thing
  4907 | D:4      | Your scales start taking on a lurid green colour.
  4907 | D:4      | Reached XP level 7. HP: 49/61 MP: 7/7
  4907 | D:4      | Gained mutation: Your system is resistant to poisons.
                  | (rPois) [Green Draconian growth]
  5417 | D:5      | Entered Level 5 of the Dungeon
  5477 | D:5      | XOM: smoke on damage
  5582 | D:5      | XOM: divination: magic mapping
  5601 | D:5      | XOM: harmless Necr miscast
  5627 | D:5      | XOM: noise
  5628 | D:5      | XOM: silly message
  5630 | D:5      | XOM: enchant monster (good)
  5637 | D:5      | XOM: summons 6 friendly demons
  5797 | D:5      | Got a dazzling rapier
  5808 | D:5      | Found an ancient bone altar of Kikubaaqudgha.
  5953 | D:5      | Found an ornate altar of the Wu Jian Council.
  5959 | D:5      | Found a sparkling altar of Nemelex Xobeh.
  6346 | D:6      | Reached XP level 8. HP: 63/69 MP: 8/8
  6615 | D:6      | Found a staircase to the Ecumenical Temple.
  6637 | D:6      | Found a radiant altar of Vehumet.
  6649 | D:6      | XOM: destruction
  6659 | D:6      | XOM: god gift: 40 gold pieces
  6681 | D:6      | XOM: blink monster(s)
  6748 | D:6      | XOM: harmless Tmut miscast
  6749 | D:6      | Reached skill level 5 in Dodging
  6755 | D:6      | XOM: chaos upgrade
  6764 | D:6      | XOM: give mutations
  6764 | D:6      | Gained mutation: Your body sometimes deteriorates upon
                  | taking damage. [Xom's mischief]
  6764 | D:6      | Gained mutation: You passively map a small area around you.
                  | [Xom's mischief]
  6764 | D:6      | Gained mutation: You occasionally shout uncontrollably at
                  | your foes. [Xom's mischief]
  6967 | D:6      | XOM: medium Pois miscast
  7383 | D:7      | XOM: confusion (+ monsters)
  7384 | D:7      | XOM: severe Necr miscast
  7384 | D:7      | Reached XP level 9. HP: 17/79 MP: 9/9
  7385 | D:7      | Noticed a reaper
  7399 | D:7      | XOM: enchant monster (bad)
  7668 | D:7      | XOM: mild Ice miscast
  7779 | D:7      | XOM: summons 1 hostile demon
  8204 | D:7      | XOM: cast spell 'Chain of Chaos'
  8276 | D:7      | XOM: give mutations
  8276 | D:7      | Gained mutation: You are robust. (+10% HP) [Xom's grace]
  8276 | D:7      | Gained mutation: You have large cloven feet. [Xom's grace]
  8276 | D:7      | Gained mutation: Your mind is acute. (Int +2) [Xom's grace]
  8276 | D:7      | Gained mutation: Your muscles are strong. (Str +2) [Xom's
                  | grace]
  8358 | D:7      | Found a snail-covered altar of Cheibriados.
  8361 | D:7      | Found an opulent altar of Gozag.
  8465 | D:8      | XOM: cast spell 'Alistair's Intoxication'
  8600 | D:8      | XOM: enchant monster (bad)
  8606 | D:8      | XOM: cleaving
  8688 | D:8      | XOM: fake destruction
  8689 | D:8      | XOM: harmless Conj miscast
  8756 | D:8      | Found a sacrificial altar of Ru.
  8764 | D:8      | XOM: cloud trail
  9300 | D:9      | XOM: cleaving
  9312 | D:9      | Reached skill level 10 in Unarmed Combat
  9491 | D:9      | XOM: give mutations
  9491 | D:9      | Gained mutation: You possess an exceptional clarity of
                  | mind. [Xom's grace]
  9491 | D:9      | Gained mutation: You are somewhat resistant to further
                  | mutation. [Xom's grace]
  9679 | D:9      | XOM: cloud trail
  9745 | D:9      | XOM: fog
  9799 | D:9      | Found an iron altar of Okawaru.
  9906 | D:10     | Entered Level 10 of the Dungeon
  9946 | D:10     | Reached XP level 10. HP: 95/99 MP: 10/10
 10223 | D:10     | Found a staircase to the Orcish Mines.
 10297 | D:10     | Noticed a cyclops
 10493 | D:10     | Killed a cyclops
 10830 | D:11     | XOM: 4-stop teleportation journey
 10849 | D:11     | XOM: summons friendly quasit
 10930 | D:11     | Noticed a five-headed hydra
 10962 | D:11     | XOM: god gift: ration
 10984 | D:11     | Reached skill level 10 in Fighting
 11017 | D:11     | Killed an unseen horror
 11044 | D:11     | XOM is BORED!
 11044 | D:11     | XOM: mild Tloc miscast
 11197 | D:11     | XOM: scenery: create altars
 11274 | D:11     | XOM: scenery: create altars
 11316 | D:11     | XOM: swap monsters
 11393 | D:11     | XOM: medium Chrm miscast
 11411 | D:11     | XOM: chaos cloud
 11423 | D:11     | XOM: smoke on damage
 11427 | D:11     | Killed a five-headed hydra
 11841 | D:11     | XOM: chaos cloud
 11860 | D:11     | Reached XP level 11. HP: 104/111 MP: 11/11
 11953 | D:11     | Noticed a white ugly thing
 11978 | D:11     | Killed a white ugly thing
 12079 | D:10     | XOM: noise
 12460 | D:11     | XOM: fog
 12463 | D:11     | Found a staircase to the Lair.
 12859 | D:11     | XOM: harmless Air miscast
 12932 | D:11     | Noticed a seven-headed hydra
 12939 | D:11     | XOM: chaos cloud
 12941 | D:11     | XOM: summons 3 hostile demons
 12942 | D:11     | Noticed a sixfirhy
 12943 | D:11     | XOM: polymorph ufetubus -> quasit
 12953 | D:11     | XOM: stat loss: -1 Str (20/21)
 13077 | D:11     | XOM: noise
 13256 | D:11     | XOM: torment (57/112 hp)
 13257 | D:11     | XOM: blink monster(s)
 13262 | D:11     | XOM: god gift: scroll labeled ESHODU TIYZ {god gift}
 13274 | D:11     | XOM: silly message
 13291 | D:11     | XOM: noise
 13324 | D:11     | XOM: summons 5 hostile demons
 13328 | D:11     | XOM: enchant monster (bad)
 13336 | D:11     | XOM: cleaving
 13353 | D:10     | XOM: stat loss: -1 Str (19/21)
 13663 | D:11     | XOM: fog
 13671 | D:11     | Noticed a minotaur
 13671 | D:11     | a seven-headed hydra changed into a minotaur
 13671 | D:11     | XOM: polymorph seven-headed hydra -> minotaur
 13674 | D:11     | XOM: god gift: plate armour {god gift}
 13687 | D:11     | Killed a minotaur
 13687 | D:11     | XOM: divine lightning
 13818 | Lair:1   | Entered Level 1 of the Lair of Beasts
 13855 | Lair:1   | XOM: potion effect (might)
 13949 | Lair:1   | XOM: potion effect (brilliance)
 14117 | Lair:1   | Noticed an oklob plant
 14180 | Lair:1   | Noticed an oklob plant
 14394 | Lair:1   | XOM: harmless Tloc miscast
 14477 | Lair:1   | XOM: harmless Hex miscast
 14603 | Lair:2   | XOM: fake destruction
 14799 | Lair:1   | XOM: mild Hex miscast
 14844 | Lair:2   | XOM: enchant monster (bad)
 14855 | Lair:2   | XOM: cast spell 'Summon Horrible Things'
 15058 | Lair:2   | XOM: mild Conj miscast
 15067 | Lair:2   | Reached skill level 5 in Shields
 15078 | Lair:2   | XOM: blink monster(s)
 15088 | Lair:2   | XOM: give mutations
 15088 | Lair:2   | Lost mutation: You occasionally shout uncontrollably at
                  | your foes. [Xom's mischief]
 15088 | Lair:2   | Lost mutation: You have large cloven feet. [Xom's mischief]
 15088 | Lair:2   | Lost mutation: You are robust. (+10% HP) [Xom's mischief]
 15132 | Lair:2   | XOM: mild Pois miscast
 15137 | Lair:2   | XOM: torment (32/102 hp)
 16140 | Lair:3   | Reached skill level 1 in Evocations
 16154 | Lair:3   | Noticed a five-headed hydra
 16158 | Lair:3   | XOM: cleaving
 16174 | Lair:3   | XOM: repel stairs
 16182 | Lair:3   | XOM: confuse monster(s)
 16340 | Lair:3   | XOM: noise
 16369 | Lair:3   | XOM: noise
 16372 | Lair:3   | Reached XP level 12. HP: 93/110 MP: 13/13
 16393 | Lair:3   | XOM: stat loss: -1 Dex (9/10)
 16414 | Lair:3   | XOM: 1-stop teleportation journey
 16422 | Lair:3   | XOM: blink monster(s)
 16429 | Lair:3   | Noticed Nergalle
 16430 | Lair:3   | Killed a five-headed hydra
 16438 | Lair:3   | Killed Nergalle
 16472 | Lair:3   | Found a frozen archway.
 16478 | Lair:3   | XOM: potion effect (invisibility)
 16573 | IceCv    | Entered an ice cave
 16635 | IceCv    | XOM: noise
 16747 | IceCv    | XOM: scenery: create altars
 16785 | IceCv    | XOM: blink monster(s)
 16786 | IceCv    | XOM: noise
 16905 | IceCv    | XOM: harmless Ice miscast
 16918 | IceCv    | XOM: noise
 16924 | IceCv    | XOM: divination: detect creatures
 16944 | IceCv    | Reached skill level 5 in Evocations
 16990 | IceCv    | XOM: draining
 17142 | IceCv    | XOM: give mutation
 17142 | IceCv    | Gained mutation: You have an increased reservoir of magic.
                  | (+10% MP) [Xom's grace]
 17386 | IceCv    | XOM: summons 4 friendly demons
 17428 | IceCv    | XOM: harmless Hex miscast
 17653 | IceCv    | XOM: divination: detect items
 18123 | Lair:3   | XOM: summons friendly shadow imp
 18281 | Lair:3   | XOM: destruction
 18316 | Lair:3   | Got a bloodstained trident
 18342 | Lair:3   | Reached skill level 10 in Shields
 18467 | Lair:3   | XOM: god gift: 40 gold pieces
 18470 | Lair:3   | XOM: scenery: 1 doors open
 18477 | Lair:3   | XOM: divine lightning
 18488 | Lair:3   | XOM: enchant monster (good)
 18489 | Lair:3   | XOM: polymorph elephant -> glowing shapeshifter
 18572 | Lair:3   | XOM: harmless Tloc miscast
 18689 | Lair:3   | XOM: summons 6 hostile demons
 19240 | Lair:3   | Identified the +7 trident "Killer Klown's Death" {speed,
                  | MR+ Int+5} (You found it on level 3 of the Lair of Beasts)
 19242 | Lair:3   | Identified the +6 rapier "Wouwysch" {freeze, Int+4} (You
                  | found it on level 5 of the Dungeon)
 19295 | Lair:4   | XOM: noise
 19306 | Lair:4   | Found a staircase to the Swamp.
 19344 | Lair:4   | XOM: harmless Tmut miscast
 19439 | Lair:4   | Found a hole to the Spider Nest.
 19524 | Lair:4   | Noticed a death yak
 19525 | Lair:4   | Noticed a death yak
 19525 | Lair:4   | Noticed a death yak
 19526 | Lair:4   | Noticed a death yak
 19529 | Lair:4   | XOM: summons friendly iron imp
 19531 | Lair:4   | XOM: potion effect (haste)
 19541 | Lair:4   | XOM: potion effect (heal wounds)
 19544 | Lair:4   | XOM: harmless Hex miscast
 19552 | Lair:4   | Killed a death yak
 19553 | Lair:4   | XOM: scenery: create altars
 19579 | Lair:4   | XOM: harmless Hex miscast
 19712 | Lair:3   | XOM: scenery: create altars
 19912 | Lair:4   | XOM: divination: magic mapping
 19913 | Lair:4   | XOM: summons friendly crimson imp
 19919 | Lair:4   | XOM: 5-stop teleportation journey
 19961 | Lair:4   | Noticed an eight-headed hydra
 19971 | Lair:4   | XOM: enchant monster (good)
 19982 | Lair:4   | Killed an eight-headed hydra
 19982 | Lair:4   | Reached XP level 13. HP: 40/117 MP: 18/18
 20067 | Lair:4   | XOM: give mutations
 20067 | Lair:4   | Gained mutation: You are covered in fur. (AC +1) [Xom's
                  | grace]
 20067 | Lair:4   | Gained mutation: You have large cloven feet. [Xom's grace]
 20067 | Lair:4   | Gained mutation: You have a pair of small horns on your
                  | head. [Xom's grace]
 20067 | Lair:4   | Gained mutation: You are somewhat resistant to both further
                  | mutation and mutation removal. [Xom's grace]
 20214 | Lair:4   | XOM: 1-stop teleportation journey
 20424 | Lair:4   | XOM: give mutations
 20424 | Lair:4   | Gained mutation: Your muscles are very strong. (Str +4)
                  | [Xom's grace]
 20424 | Lair:4   | Gained mutation: You have hoof-like feet. [Xom's grace]
 20424 | Lair:4   | Gained mutation: Your tail ends in a poisonous barb. [Xom's
                  | grace]
 20424 | Lair:4   | Gained mutation: Your flesh is cold resistant. (rC+) [Xom's
                  | grace]
 20710 | Lair:4   | Found a staircase to the Swamp.
 20784 | Lair:4   | Found a hole to the Spider Nest.
 20902 | Lair:4   | Found a shimmering altar of Xom.
 20904 | Lair:4   | Found a shimmering altar of Xom.
 20906 | Lair:4   | Found a shimmering altar of Xom.
 20906 | Lair:4   | Found a shimmering altar of Xom.
 20906 | Lair:4   | Found a shimmering altar of Xom.
 20906 | Lair:4   | Found a shimmering altar of Xom.
 20907 | Lair:4   | Found a shimmering altar of Xom.
 20907 | Lair:4   | Found a shimmering altar of Xom.
 20924 | Lair:4   | XOM: summons 6 friendly demons
 20936 | Lair:4   | XOM: confuse monster(s)
 20943 | Lair:4   | XOM: summons friendly ice devil
 21304 | Lair:4   | XOM: divination: detect creatures
 21512 | Lair:5   | XOM: 3-stop teleportation journey
 21514 | Lair:5   | XOM: confuse monster(s)
 21596 | Lair:5   | XOM: cleaving
 22172 | Lair:5   | XOM: scenery: create altars
 22284 | Lair:5   | XOM: god gift: crooked jewelled staff {god gift}
 22379 | Lair:6   | Entered Level 6 of the Lair of Beasts
 22552 | Lair:6   | Found a runed translucent door.
 22552 | Lair:6   | Found a viscous altar of Jiyva.
 22555 | Lair:6   | Found a staircase to the Slime Pits.
 22555 | Lair:6   | Noticed an acid blob
 22555 | Lair:6   | Noticed an acid blob
 22767 | Lair:6   | XOM is BORED!
 22767 | Lair:6   | XOM: noise
 22794 | Lair:6   | XOM: 2-stop teleportation journey
 22822 | Lair:6   | XOM: polymorph yak -> tarantella
 23099 | Lair:6   | XOM: 2-stop teleportation journey
 23141 | Lair:6   | XOM: give mutations
 23141 | Lair:6   | Gained mutation: Your spells are a little harder to cast,
                  | but a little more powerful. [Xom's grace]
 23141 | Lair:6   | Gained mutation: Your spells are harder to cast, but more
                  | powerful. [Xom's grace]
 23141 | Lair:6   | Gained mutation: You have hooves in place of feet. [Xom's
                  | grace]
 23153 | Lair:6   | XOM: fog
 23213 | Lair:6   | XOM: summons 7 friendly demons
 23432 | Lair:6   | XOM: polymorph hornet -> hog
 23439 | Lair:6   | XOM: confuse monster(s)
 23483 | Lair:6   | Found a runed translucent door.
 23512 | Lair:6   | XOM: god gift: glowing hunting sling {god gift}
 23515 | Lair:6   | XOM: cleaving
 23516 | Lair:6   | XOM: destruction
 23688 | Lair:6   | XOM: mild Tloc miscast
 23846 | Lair:6   | XOM: mild Chrm miscast
 24113 | Lair:6   | XOM is BORED!
 24113 | Lair:6   | XOM: give mutations
 24113 | Lair:6   | Lost mutation: Your tail ends in a poisonous barb. [Xom's
                  | mischief]
 24113 | Lair:6   | Lost mutation: You possess an exceptional clarity of mind.
                  | [Xom's mischief]
 24113 | Lair:6   | Lost mutation: Your spells are harder to cast, but more
                  | powerful. [Xom's mischief]
 24113 | Lair:6   | Lost mutation: You have an increased reservoir of magic.
                  | (+10% MP) [Xom's mischief]
 25192 | D:12     | Gained mutation: Your tail ends in a poisonous barb. [Green
                  | Draconian growth]
 25192 | D:12     | Reached XP level 14. HP: 128/129 MP: 17/17
 25482 | D:12     | Reached skill level 15 in Unarmed Combat
 26450 | D:12     | XOM: smoke on damage
 26608 | D:12     | XOM: harmless Necr miscast
 26622 | D:12     | XOM: god gift: 2 potions of curing
 26756 | D:13     | XOM: polymorph orc warrior -> ooze
 26764 | D:13     | XOM: summons 4 friendly demons
 26798 | D:13     | You fall through a shaft!
 26914 | D:13     | XOM: cast spell 'Ring of Flames'
 26925 | D:13     | XOM: mild Conj miscast
 26926 | D:13     | XOM: harmless Tloc miscast
 27123 | D:13     | XOM: give mutations
 27123 | D:13     | Lost mutation: You have a pair of small horns on your head.
                  | [Xom's mischief]
 27123 | D:13     | Lost mutation: You are covered in fur. (AC +1) [Xom's
                  | mischief]
 27123 | D:13     | Lost mutation: Your spells are a little harder to cast, but
                  | a little more powerful. [Xom's mischief]
 27123 | D:13     | Lost mutation: Your mind is acute. (Int +2) [Xom's
                  | mischief]
 27239 | D:13     | Found a gate to the Vaults.
 27289 | D:13     | XOM: divination: magic mapping
 27292 | D:13     | XOM: harmless Erth miscast
 27529 | D:12     | XOM: summons 7 hostile demons
 27884 | D:13     | Noticed Sonja
 27890 | D:13     | XOM: cast spell 'Summon Dragon'
 27892 | D:13     | Killed Sonja
 28099 | D:13     | XOM: polymorph harpy -> shapeshifter
 28105 | D:13     | XOM: summons 4 friendly demons
 28845 | D:14     | Noticed Nessos
 28865 | D:14     | Killed Nessos
 29103 | D:14     | XOM: summons 12 friendly demons
 29210 | D:14     | XOM: scenery: 1 doors close
 29249 | D:14     | Found a runed translucent door.
 29253 | D:14     | Reached skill level 15 in Fighting
 29259 | D:14     | Found the +2 shield of Resistance {rF+ rC+ MR+}
 29265 | D:14     | Found a runed translucent door.
 29292 | D:14     | XOM: cast spell 'Discord'
 29328 | D:14     | XOM: polymorph fire dragon -> ettin
 29331 | D:14     | XOM: summons 2 friendly demons
 29347 | D:14     | XOM: scenery: create altars
 29694 | D:14     | Noticed Azrael
 29720 | D:14     | Noticed Azrael
 29720 | D:14     | Azrael changed into Azrael the hell hog
 29720 | D:14     | XOM: polymorph Azrael -> Azrael the hell hog
 29722 | D:14     | Noticed Azrael
 29722 | D:14     | Azrael the hell hog changed into Azrael the apocalypse crab
 29722 | D:14     | XOM: cast spell 'Chain of Chaos'
 29724 | D:14     | Killed Azrael the apocalypse crab
 29989 | D:14     | XOM: divination: detect items
 30057 | D:14     | XOM: cast spell 'Summon Butterflies'
 30058 | D:14     | XOM: potion effect (heal wounds)
 30060 | D:14     | XOM: polymorph ettin -> ettin
 30075 | D:14     | XOM: noise
 30376 | D:15     | Entered Level 15 of the Dungeon
 30590 | D:15     | XOM: cast spell 'Ring of Flames'
 30599 | D:15     | XOM: swap monsters
 30686 | D:15     | XOM: 1-stop teleportation journey
 30987 | D:15     | Reached skill level 10 in Dodging
 30996 | D:15     | XOM: medium Chrm miscast
 31001 | D:15     | Reached XP level 15. HP: 118/141 MP: 20/20
 31009 | D:15     | XOM: divination: magic mapping
 31024 | D:15     | XOM: noise
 31092 | D:15     | XOM: harmless Conj miscast
 31093 | D:15     | XOM: harmless Erth miscast
 31122 | D:15     | XOM: harmless Pois miscast
 31147 | D:13     | XOM: blink monster(s)
 31333 | D:14     | XOM: summons 7 hostile demons
 31516 | D:13     | XOM: summons 1 hostile demon
 31579 | D:13     | XOM: summons 3 hostile demons
 31808 | D:15     | XOM: give mutation
 31808 | D:15     | Lost mutation: Your flesh is cold resistant. (rC+) [Xom's
                  | mischief]
 31827 | D:15     | XOM: swap monsters
 32017 | D:14     | XOM: mild Tloc miscast
 32215 | D:15     | XOM: cast spell 'Cause Fear'
 32319 | D:15     | XOM: potion effect (haste)
 32328 | D:15     | XOM: summons 2 friendly demons
 32425 | D:15     | XOM: god gift: potion of lignification
 32454 | D:15     | XOM: smoke on damage
 32471 | D:15     | XOM: summons friendly shadow imp
 32482 | D:15     | XOM: summons 1 friendly demon
 32582 | D:15     | Found a staircase to the Depths.
 33078 | Orc:1    | Entered Level 1 of the Orcish Mines
 33193 | Orc:1    | Found a runed translucent gate.
 33194 | Orc:1    | Found a runed translucent gate.
 33196 | Orc:1    | Found a transporter.
 33196 | Orc:1    | Noticed Ymoj Xits's ghost (journeyman FeCK)
 33196 | Orc:1    | Noticed Esial's ghost (journeyman CeBe)
 33197 | Orc:1    | Found a runed translucent gate.
 33197 | Orc:1    | Noticed Uquev's ghost (journeyman DsNe)
 33197 | Orc:1    | Noticed Borim's ghost (journeyman GrBe)
 33199 | Orc:1    | Noticed an orc warlord
 33291 | Orc:1    | Noticed an orc warlord
 33293 | Orc:1    | Found a roughly hewn altar of Beogh.
 33293 | Orc:1    | Found a transporter.
 33495 | Orc:1    | XOM: scenery: 3 doors open
 33496 | Orc:1    | fuck
 33619 | Orc:1    | XOM: confusion (+ monsters)
 33619 | Orc:1    | XOM: smoke on damage
 33643 | D:10     | Killed Borim's ghost
 34257 | D:10     | XOM is BORED!
 34257 | D:10     | XOM: give mutations
 34257 | D:10     | Gained mutation: You can translocate small distances at
                  | will. [Xom's mischief]
 34257 | D:10     | Gained mutation: Scrolls take you a little longer to read.
                  | [Xom's mischief]
 34257 | D:10     | Lost mutation: Scrolls take you a little longer to read.
                  | [Xom's mischief]
 34306 | D:10     | XOM: mild Necr miscast
 34312 | D:10     | XOM: mild Pois miscast
 34325 | D:10     | XOM: harmless Tloc miscast
 34724 | D:10     | Found a staircase to the Orcish Mines.
 35103 | D:10     | XOM: give mutations
 35103 | D:10     | Gained mutation: Your flesh is cold resistant. (rC+) [Xom's
                  | mischief]
 35103 | D:10     | Lost mutation: You are somewhat resistant to both further
                  | mutation and mutation removal. [Xom's mischief]
 35103 | D:10     | Lost mutation: Your body sometimes deteriorates upon taking
                  | damage. [Xom's mischief]
 35642 | D:10     | XOM: harmless Fire miscast
 35767 | D:10     | Killed Ymoj Xits's ghost
 35813 | D:10     | Killed Uquev's ghost
 35931 | Orc:1    | XOM: give mutations
 35931 | Orc:1    | Lost mutation: Your flesh is cold resistant. (rC+) [Xom's
                  | mischief]
 35931 | Orc:1    | Gained mutation: You are frail. (-10% HP) [Xom's mischief]
 35946 | Orc:1    | XOM: noise
 35956 | Orc:1    | XOM: harmless Summ miscast
 35957 | Orc:1    | XOM: summons friendly quasit
 36168 | Orc:1    | XOM: scenery: create altars
 36176 | Orc:1    | Killed Esial's ghost
 36410 | Orc:2    | Entered Level 2 of the Orcish Mines
 36429 | Orc:2    | XOM: divination: detect items
 36489 | Orc:2    | XOM: fog
 36581 | Orc:2    | Found a flickering gateway to a bazaar.
 36593 | Bazaar   | Entered a bazaar
 36598 | Bazaar   | Found Ahoyfatz's Gadget Shop.
 36612 | Bazaar   | Found Funuhox's Book Shop.
 36662 | Bazaar   | Bought a book of Transfigurations for 550 gold pieces
 36669 | Bazaar   | Learned a level 6 spell: Statue Form
 36684 | Bazaar   | Bought a wand of acid (11) for 420 gold pieces
 36964 | Orc:2    | Found a staircase to the Elven Halls.
 36985 | Orc:2    | XOM: summons friendly white imp
 37170 | Orc:2    | XOM: medium Tmut miscast
 37245 | Orc:2    | Found Suivveba's Antique Armour Emporium.
 37245 | Orc:2    | Found Rifeunae's Gadget Shoppe.
 37246 | Orc:2    | Found Midaiwn's Food Shoppe.
 37249 | Orc:2    | Found Rurphiq's Book Emporium.
 37291 | Orc:2    | Reached skill level 1 in Earth Magic
 37331 | Orc:2    | Reached skill level 1 in Spellcasting
 37331 | Orc:2    | Reached skill level 1 in Transmutations
 37331 | Orc:2    | XOM is BORED!
 37331 | Orc:2    | XOM: give mutations
 37331 | Orc:2    | Lost mutation: You are somewhat resistant to further
                  | mutation. [Xom's mischief]
 37331 | Orc:2    | Gained mutation: You occasionally shout uncontrollably at
                  | your foes. [Xom's mischief]
 37331 | Orc:2    | Lost mutation: You occasionally shout uncontrollably at
                  | your foes. [Xom's mischief]
 37331 | Orc:2    | Lost mutation: You can translocate small distances at will.
                  | [Xom's mischief]
 37508 | Orc:2    | XOM: potion effect (invisibility)
 37797 | Orc:2    | XOM: potion effect (heal wounds)
 37833 | Orc:2    | XOM: potion effect (curing)
 37842 | Orc:2    | XOM: potion effect (heal wounds)
 37858 | Orc:2    | XOM: potion effect (agility)
 37874 | Orc:2    | XOM: divination: detect creatures
 37895 | Orc:2    | XOM: harmless Fire miscast
 38075 | Orc:2    | Found a runed translucent gate.
 38075 | Orc:2    | Found a runed translucent gate.
 38075 | Orc:2    | Found a runed translucent gate.
 38112 | Orc:2    | XOM: noise
 38121 | Orc:2    | Identified the +3 chain mail "Weginn" {Str-3 Dex+4 Slay+3}
 38122 | Orc:2    | Noticed P0WERM0DE's ghost (journeyman DDFi)
 38124 | Orc:2    | Found a roughly hewn altar of Beogh.
 38144 | Orc:2    | XOM: blink monster(s)
 38202 | Orc:2    | XOM: confusion
 38211 | Orc:2    | XOM: harmless Hex miscast
 38352 | Orc:2    | XOM: mild Tmut miscast
 38545 | Orc:2    | Killed P0WERM0DE's ghost
 38654 | Orc:2    | XOM: confuse monster(s)
 38853 | Orc:1    | XOM: mild Fire miscast
 38873 | D:10     | XOM: medium Necr miscast
 39007 | Spider:1 | Entered Level 1 of the Spider Nest
 39008 | Spider:1 | XOM: torment (64/126 hp)
 39387 | Lair:4   | Found a shimmering altar of Xom.
 39466 | Lair:4   | XOM: scenery: create altars
 39621 | Spider:1 | XOM: confusion (+ monsters)
 39830 | Spider:1 | Noticed Josephine
 39838 | Spider:1 | XOM: noise
 39839 | Spider:1 | Killed Josephine
 39839 | Spider:1 | Reached XP level 16. HP: 95/134 MP: 21/21
 39934 | Lair:4   | XOM: give mutations
 39934 | Lair:4   | Lost mutation: Your muscles are very strong. (Str +4)
                  | [Xom's mischief]
 39934 | Lair:4   | Lost mutation: You are frail. (-10% HP) [Xom's mischief]
 40181 | Lair:4   | Slain by a wolf spider

Levels and vault maps discovered:
D:1:      dpeg_arrival_lava_altar, layout_basic
D:2:      layout_rooms
D:3:      layout_basic, chequers_serial_rivers_room_b
D:4:      layout_loops_corners, regret_index_temple_of_mockery, serial_shops,
          shop, first_ration, minmay_vboxes
D:5:      layout_gridville, lemuel_crystal_altar,
          chequers_temple_overflow_statue_of_worship, kennysheep_boxes
D:6:      minmay_diamond_boxcup, layout_loops_cross,
          minmay_temple_entry_large_hall, basic_altar
D:7:      layout_loops_cross, nicolae_overflow_hidden_temple,
          kennysheep_minor_cross, the_bakery
D:8:      layout_gridville, nicolae_ru_awakened_eye
D:9:      layout_small_grid, okawaru_altar_gauntlet_db
D:10:     layout_long_grid, orc_0_dummy, kennysheep_flooded_box
D:11:     layout_small_grid, grunt_lair_entry_orc_guard_hut, serial_ice,
          serial_ice_c, serial_ice_l, serial_ice_f, serial_ice_a,
          grunt_ministairs_7
D:12:     layout_irregular_city, dk_noncrumbling_4
D:13:     minmay_open_boxes_in_corner, layout_cave_pools,
          hangedman_vaults_entry_quadrant_bands, minivault_16,
          minmay_gold_behind_fungi, grunt_decor_mini_mirrors, uniq_sonja
D:14:     layout_gridville, serial_park_gazebo [serial_park_minivault_5x5_6],
          chequers_serial_rivers_room_a, minmay_guarded_unrand_resistance,
          uniq_nessos, uniq_azrael
D:15:     hangedman_depths_entry_try_elsewhere_first, layout_basic,
          hangedman_decor_points
Lair:1:   layout_gridlike, infiniplex_staircase_pool_2,
          minmay_lair_oklob_chamber, serial_bayou_shore_b
Lair:2:   layout_chaotic_city, st_stairs_12, chequers_serial_rivers_small_b,
          minmay_stone_trees_small, cheibrodos_lair_reptile_den
Lair:3:   layout_cave_pods, portal_ice_cave_entry_imps, fungi_pond_lemuel,
          grunt_megastairs_4, uniq_nergalle
Lair:4:   beast_lair_carwin_large_3, layout_misc_corridors, swamp_mist,
          nicolae_spider_entry_non_spiders
Lair:5:   layout_layer_cave
Lair:6:   wormcave, layout_gridlike, slime_altar_2
Spider:1: layout_spider_delve, uniq_josephine, uniq_jorgrun
Orc:1:    gammafunk_beogh_shrine, layout_diamond_mine, gammafunk_ghost_cemetery,
          nicolae_orc_rockfall
Orc:2:    st_orc_mages, layout_diamond_mine, serial_shops, bzr_firewalk,
          biasface_ghost_orc_armoury, nicolae_orc_crystal_geode

Skill      XL: |  1  2  3  4  5  6  7  8  9 10 11 12 13 14 15 |
---------------+----------------------------------------------+-----
Unarmed Combat | 4 5 6 7 10 12 13 14 15 | 15.0
Fighting       | 4 5 7 8 10 11 13 15 | 15.0
Shields        | 1 3 4 6 10 12 13 | 13.8
Dodging        | 3 4 6 8 10 11 | 11.6
Evocations     | 1 5 7 |  7.0
Earth Magic    | 3 |  3.1
Spellcasting   | 2 |  2.8
Transmutations | 3 |  3.1

Action                   |  1- 3 |  4- 6 |  7- 9 | 10-12 | 13-15 | 16-18 || total
-------------------------+-------+-------+-------+-------+-------+-------++-------
Melee: Unarmed           |   174 |   261 |   596 |   967 |  1606 |    11 ||  3615
       Punch             |     4 |       |       |       |       |       ||     4
       Tailslap          |    11 |    24 |    82 |   147 |   265 |     2 ||   531
       Headbutt          |       |       |       |       |   122 |       ||   122
       Kick              |       |       |       |       |   460 |     2 ||   462
       Staff             |       |       |       |       |     1 |       ||     1
 Abil: Breathe Noxious F |       |       |    16 |    23 |    50 |     2 ||    91
       Evoke Flight      |       |       |       |     1 |       |       ||     1
Evoke: Wand              |       |       |       |     5 |    25 |     5 ||    35
  Use: Potion            |     4 |     1 |     3 |     2 |     5 |     3 ||    18
       Scroll            |     2 |     1 |    10 |    12 |    13 |     1 ||    39
 Stab: Sleeping          |       |     1 |     1 |       |       |       ||     2
       Confused          |       |       |    11 |    10 |    26 |     1 ||    48
       Petrifying        |       |       |     1 |       |       |       ||     1
       Paralysed         |       |       |       |     3 |       |     2 ||     5
       Invisible         |       |       |       |     8 |     1 |       ||     9
       Distracted        |       |       |       |     1 |       |       ||     1
  Eat: Chunk             |     5 |     5 |    19 |    17 |    48 |     1 ||    95
       Ration            |       |     1 |       |     6 |     8 |       ||    15
Armor: Skin              |    93 |   100 |   191 |   274 |   321 |    16 ||   995
Dodge: Dodged            |   134 |   104 |   345 |   548 |   575 |    32 ||  1738
Block: Buckler           |     2 |    26 |    98 |   175 |       |       ||   301
       Shield            |       |       |       |    98 |   859 |    24 ||   981

Table legend:
 A = Non-vault XP
 B = Vault XP
 C = Vault XP percentage of total XP
 D = Non-vault monster count
 E = Vault monster count
 F = Vault count percentage of total count
                 A         B        C        D         E       F
            +---------+---------+-------+---------+---------+-------
      Total |  102592 |   52551 |  33.9 |     587 |     222 |  27.4
            +---------+---------+-------+---------+---------+-------
        D:1 |       9 |       0 |   0.0 |       7 |       0 |   0.0
        D:2 |      71 |       0 |   0.0 |      24 |       0 |   0.0
        D:3 |      83 |       0 |   0.0 |      22 |       0 |   0.0
        D:4 |     573 |      86 |  13.1 |      25 |       5 |  16.7
        D:5 |     542 |       0 |   0.0 |      21 |       0 |   0.0
        D:6 |     772 |     209 |  21.3 |      18 |       6 |  25.0
        D:7 |    1264 |     220 |  14.8 |      42 |       1 |   2.3
        D:8 |     768 |       0 |   0.0 |      10 |       0 |   0.0
        D:9 |     640 |      40 |   5.9 |      13 |       6 |  31.6
       D:10 |    2219 |    3287 |  59.7 |      23 |       3 |  11.5
       D:11 |    7571 |    1681 |  18.2 |      45 |      13 |  22.4
       D:12 |    7955 |       0 |   0.0 |      42 |       0 |   0.0
       D:13 |    6357 |    9299 |  59.4 |      40 |      26 |  39.4
       D:14 |    8200 |    5558 |  40.4 |      24 |      12 |  33.3
       D:15 |   24883 |    2341 |   8.6 |      65 |       4 |   5.8
     Lair:1 |    2456 |     232 |   8.6 |      11 |       2 |  15.4
     Lair:2 |    3345 |     756 |  18.4 |      17 |       8 |  32.0
     Lair:3 |    7577 |    1160 |  13.3 |      27 |      14 |  34.1
     Lair:4 |    6539 |    4699 |  41.8 |      23 |      21 |  47.7
     Lair:5 |    5457 |       0 |   0.0 |      19 |       0 |   0.0
     Lair:6 |    4623 |    5527 |  54.5 |      13 |      14 |  51.9
   Spider:1 |    2057 |    1080 |  34.4 |       8 |       1 |  11.1
      Orc:1 |    2579 |    1522 |  37.1 |      20 |       1 |   4.8
      Orc:2 |    6052 |    9096 |  60.0 |      28 |      52 |  65.0
      IceCv |       0 |    5758 | 100.0 |       0 |      33 | 100.0
            +---------+---------+-------+---------+---------+-------
